 Dungeon Crawl Stone Soup version 0.30.0-5-g1a98f26d00 (webtiles) character file.

Game seed: 13573289651980158039

886 Kranky the Ruffian (level 7, -4/68 HPs)
             Began as a Troll Fighter on May 11, 2023.
             Slain by a vampire mosquito (7 damage)
             ... on level 7 of the Dungeon.
             The game lasted 00:05:56 (2699 turns).

Kranky the Ruffian (Troll Fighter)                  Turns: 2699, Time: 00:05:57

Health: -4/68      AC:  5    Str: 25    XL:     7   Next: 76%
Magic:  6/6        EV:  9    Int:  6    God:
Gold:   233        SH:  8    Dex:  9    Spells: 6/6 levels left

rFire   . .          .
                       - Unarmed
rCold   . . .        b - +0 kite shield
rNeg    . . .        a - +0 robe
rPois   .            (helmet restricted)
rElec   .            d - +0 cloak
rCorr   .            (gloves unavailable)
SInv    .            (boots unavailable)
Will    .....        (no amulet)
Stlth   +            (no ring)
HPRegen 1.11/turn    (no ring)
MPRegen 0.10/turn

%: no passive effects
@: mighty
A: large, unfitting armour, claws 3, regeneration 1, shaggy fur 1, tough skin 1
a: no special abilities


You were on level 7 of the Dungeon.
You visited 1 branch of the dungeon, and saw 5 of its levels.

You collected 233 gold pieces.

Inventory:

Armour
 a - a +0 robe (worn)
 b - a +0 kite shield (worn)
 d - a +0 cloak (worn)
Scrolls
 g - 4 scrolls of identify {unknown}
 h - a scroll of acquirement {unknown}
 i - a scroll of immolation {unknown}
 m - a scroll of teleportation {unknown}
 n - a scroll of enchant weapon {unknown}
 o - a scroll of fear {unknown}
 p - a scroll of amnesia {unknown}
 q - a scroll of vulnerability {unknown}
 r - 3 scrolls of noise {unknown}
 s - a scroll of poison {unknown}
 t - a scroll of brand weapon {unknown}
Potions
 e - a potion of resistance {unknown}
 f - a potion of flight {unknown}
 j - a potion of curing {unknown}
 k - 2 potions of mutation {unknown}
 l - 2 potions of lignification {unknown}
 u - a potion of degeneration {unknown}


   Skills:
 + Level 3.6 Fighting
 - Level 2.4 Dodging
 + Level 4.9 Shields
 + Level 7.1 Unarmed Combat


You had 6 spell levels left.
You didn't know any spells.
Your spell library contained the following spells:

 Spells                   Type           Power      Damage    Failure   Level
 Kiss of Death            Conj/Necr      0%         2d5       69%         1
 Magic Dart               Conj           0%         1d3       69%         1
 Call Imp                 Summ           0%         N/A       83%         2
 Confusing Touch          Hex            0%         N/A       96%         3
 Mephitic Cloud           Conj/Pois/Air  0%         N/A       96%         3
 Ozocubu's Armour         Ice            0%         N/A       96%         3
 Dispel Undead            Necr           0%         3d6       100%        4
 Metabolic Englaciation   Hex/Ice        0%         N/A       100%        5
 Simulacrum               Ice/Necr       0%         N/A       100%        6
 Ozocubu's Refrigeration  Ice            0%         4d7       100%        7
 Polar Vortex             Ice            0%         N/A       100%        9


Dungeon Overview and Level Annotations

Branches:
Dungeon (4/15)
 Temple: D:4-7

Altars:
Fedhas
Kikubaaqudgha

Annotations:
D:3 2 transporters, hito's ghost, amateur GrGl


Innate Abilities, Weirdness & Mutations

You are too large for most types of armour.
You have claws for hands.
Your natural rate of healing is unusually fast.
You are covered in fur. (AC +1)
You have tough skin. (AC +1)


Message History

You block the vampire mosquito's attack.
You scratch the vampire mosquito.
The vampire mosquito is moderately damaged.
The vampire mosquito bites you.
The vampire mosquito draws strength from your injuries!
You block the vampire mosquito's attack.
You mangle the vampire mosquito!!
You destroy the vampire mosquito!
You block the vampire mosquito's attack.
Your Unarmed Combat skill increases to level 7!
You claw the vampire mosquito!
The vampire mosquito is moderately damaged.
The vampire mosquito bites you.
* * * LOW HITPOINT WARNING * * *
The vampire mosquito draws strength from your injuries!
The vampire mosquito bites you.
* * * LOW HITPOINT WARNING * * *
The vampire mosquito draws strength from your injuries!
You feel very mighty all of a sudden.
You block the vampire mosquito's attack.
The vampire mosquito bites you!
* * * LOW HITPOINT WARNING * * *
The vampire mosquito draws strength from your injuries!
You scratch the vampire mosquito.
The vampire mosquito is lightly damaged.
The vampire mosquito bites you but does no damage.
You closely miss the vampire mosquito.
The vampire mosquito is lightly damaged.
You block the vampire mosquito's attack.
The vampire mosquito bites you!
* * * LOW HITPOINT WARNING * * *
The vampire mosquito draws strength from your injuries!
You closely miss the vampire mosquito.
The vampire mosquito is lightly damaged.
You block the vampire mosquito's attack. x2
Unknown command.
You closely miss the vampire mosquito.
The vampire mosquito is lightly damaged.
The vampire mosquito bites you!
You die...

## .# .## ##.. ...# #
#y. # ####y# # ##.##@#
## ##...#.# .####
##......# ..).#
####...[...##.
.##.###..............
.##.##...))...........
.##.##..###......##....
........# ##...#.# ####
#......## ##.##.#


You could see 2 vampire mosquitoes.

Vanquished Creatures
  A vampire mosquito (D:7)
  Duvessa (D:7)
  An ice beast (D:7)
  Dowan (D:7)
  A hound (D:4)
  2 orc priests
  2 iguanas (D:4)
  7 orc wizards
  8 gnolls (D:3)
  6 adders
  An ufetubus (D:3)
  A worm (D:3)
  4 dart slugs
  11 orcs
  9 bats
  An endoplasm (D:1)
  4 giant cockroaches
  5 goblins
  3 hobgoblins
  6 quokkas
  7 ball pythons
  A frilled lizard (D:2)
  11 kobolds
  6 rats
100 creatures vanquished.

Notes
Turn   | Place    | Note
-------+----------+-------------------------------------------
     0 | D:1      | Kranky the Troll Fighter began the quest for the Orb.
     0 | D:1      | Reached XP level 1. HP: 22/22 MP: 0/0
   107 | D:1      | Reached XP level 2. HP: 29/29 MP: 1/1
   251 | D:1      | Found a faded altar of an unknown god.
   433 | D:1      | Reached XP level 3. HP: 36/36 MP: 2/2
   999 | D:2      | Reached skill level 3 in Unarmed Combat
  1023 | D:2      | Reached XP level 4. HP: 45/45 MP: 3/3
  1350 | D:2      | Reached XP level 5. HP: 50/53 MP: 4/4
  1382 | D:3      | Found a transporter.
  1445 | D:3      | Found an ancient bone altar of Kikubaaqudgha.
  1545 | D:3      | Found a transporter.
  1574 | D:3      | Reached skill level 4 in Unarmed Combat
  1604 | D:3      | Reached XP level 6. HP: 56/61 MP: 5/5
  1623 | D:3      | Reached skill level 5 in Unarmed Combat
  1873 | D:3      | Noticed hito's ghost (amateur GrGl)
  2227 | D:4      | Found a blossoming altar of Fedhas.
  2521 | D:4      | You fall into a shaft and drop 3 floors!
  2544 | D:7      | Noticed Dowan
  2546 | D:7      | Noticed Duvessa
  2564 | D:7      | Noticed an ice beast
  2585 | D:7      | Killed Duvessa
  2586 | D:7      | Reached skill level 6 in Unarmed Combat
  2586 | D:7      | Reached XP level 7. HP: 47/67 MP: 6/6
  2599 | D:7      | Killed Dowan
  2681 | D:7      | Noticed a vampire mosquito
  2681 | D:7      | Noticed a vampire mosquito
  2683 | D:7      | Noticed a vampire mosquito
  2693 | D:7      | Killed a vampire mosquito
  2694 | D:7      | Reached skill level 7 in Unarmed Combat
  2697 | D:7      | HP: 1/68 [vampire mosquito (10)]
  2699 | D:7      | Slain by a vampire mosquito

Illustrated notes

Levels and vault maps discovered:
D:1:      eino_arrival_tree_alley, layout_loops_ring, basic_ecumenical_altar,
          minmay_close_crescents
D:2:      layout_basic, serial_glass, glass_columns_b, glass_columns_b,
          glass_columns_b, glass_columns_a, glass_columns_a, glass_columns_a,
          glass_columns_b, glass_columns_a
D:3:      layout_loops_cross, kiku_gazebo_garden_becter,
          gammafunk_ghost_mausoleum, minivault_27, grunt_ministairs_6
D:4:      minmay_chambers_of_threes, layout_basic, fedhas_ov_isle_minmay
D:7:      layout_loops_ring, nicolae_vehumet_radiance, lemuel_crystal_altar,
          xom_shifter_show, uniq_duvessa

Skill      XL: |  1  2  3  4  5  6  7 |
---------------+----------------------+-----
Shields        | 3 4 |  4.9
Fighting       | 3 |  3.6
Unarmed Combat | 3 4 6 7 |  7.1
Dodging        | |  2.4

Action                     |  1- 3 |  4- 6 |  7- 9 || total
---------------------------+-------+-------+-------++-------
  Melee: Unarmed           |   105 |   165 |    51 ||   321
    Use: Potion            |       |       |     1 ||     1
   Stab: Sleeping          |       |     1 |       ||     1
 Armour: Robe              |    38 |    40 |    14 ||    92
  Dodge: Dodged            |    36 |    46 |     6 ||    88
  Block: Kite shield       |    34 |    59 |    20 ||   113
